 Dungeon Crawl Stone Soup version 0.30-a0-782-ge64f9170bb (webtiles) character file.

Game seed: 11523306407117414833

128 funkygono the Firebug (level 5, -3/28 HPs)
             Began as a Gargoyle Fire Elementalist on Feb 19, 2023.
             Slain by Sigmund
             ... wielding a +3 scythe of protection
              (12 damage)
             ... on level 4 of the Dungeon.
             The game lasted 00:04:23 (2984 turns).

funkygono the Firebug (Gargoyle Fire Elementalist)  Turns: 2984, Time: 00:04:23

Health: -3/28      AC:  6    Str: 11    XL:     5   Next: 12%
Magic:  7/9        EV: 12    Int: 18    God:
Gold:   206        SH:  0    Dex: 10    Spells: 3/10 levels left

rFire   . . .      SeeInvis .    g - +0 club
rCold   . . .      Faith    .    (no shield)
rNeg    + . .      Spirit   .    a - +0 robe
rPois   ∞          Reflect  .    (no helmet)
rElec   +          Harm     .    (no cloak)
rCorr   .          Rampage  .    (no gloves)
Will    .....                    (no boots)
Stlth   ++                       (no amulet)
HPRegen 0.24/turn                (no ring)
MPRegen 0.11/turn                (no ring)

@: no status effects
A: sickness immunity, AC +4, negative energy resistance 1, electricity
resistance, torment resistance 1, petrification resistance
a: no special abilities


You were on level 4 of the Dungeon.
You visited 1 branch of the dungeon, and saw 4 of its levels.

You collected 206 gold pieces.

Inventory:

Hand Weapons
 g - a +0 club (weapon)
Armour
 a - a +0 robe (worn)
Wands
 s - a wand of paralysis (8)
Scrolls
 c - a scroll of blinking {unknown}
 d - 2 scrolls of fear {unknown}
 f - 3 scrolls of immolation {unknown}
 j - a scroll of magic mapping {unknown}
 k - 4 scrolls of teleportation {unknown}
 l - 3 scrolls of identify {unknown}
 o - a scroll of enchant weapon {unknown}
 p - a scroll of noise {unknown}
 q - a scroll of vulnerability {unknown}
Potions
 e - 2 potions of might {unknown}
 h - 2 potions of mutation {unknown}
 i - a potion of curing {unknown}
 m - 2 potions of heal wounds {unknown}
 n - a potion of lignification {unknown}
 r - a potion of brilliance {unknown}


   Skills:
 + Level 1.7 Dodging
 - Level 2.1 Stealth
 + Level 3.0 Spellcasting
 + Level 2.1 Conjurations
 + Level 4.5 Fire Magic


You had 3 spell levels left.
You knew the following spells:

 Your Spells              Type           Power      Damage    Failure   Level
a - Foxfire               Conj/Fire      56%        2x1d6     4%          1
b - Scorch                Fire           38%        2d6       3%          2
c - Flame Wave            Conj/Fire      14%        2d6       38%         4

Your spell library contained the following spells:

 Spells                   Type           Power      Damage    Failure   Level
 Inner Flame              Hex/Fire       10%        N/A       19%         3
 Kindle Blastsparks       Fire/Tloc/Air  16%        2d11      26%         3
 Animate Dead             Necr           2%         N/A       85%         4
 Petrify                  Tmut/Erth      2%         N/A       85%         4
 Irradiate                Conj/Tmut      3%         3d12      96%         5
 Haunt                    Necr/Summ      1%         N/A       100%        7
 Infestation              Necr           1%         N/A       100%        8
 Sublimation of Blood     Necr           Unusable   N/A       N/A         2

Dungeon Overview and Level Annotations

Branches:
Dungeon (4/15)
 Temple: D:4-7

Altars:
Dithmenos
Kikubaaqudgha

Shops:
D:4 *

Annotations:
D:4 Sigmund


Innate Abilities, Weirdness & Mutations

You are immune to sickness and miasma.
Your stone body is resilient. (AC +4)
You are immune to poison.
You resist negative energy. (rN+)
You are resistant to electric shocks. (rElec)
You are resistant to unholy torment.
You are immune to petrification.


Message History

You conjure some foxfire!
The foxfire hits something but does no damage.
Casting: Foxfire (safe; 4% risk of failure)
Confirm with . or Enter, or press ? or * to list all spells.
You conjure some foxfire!
The foxfire hits something.
The foxfire hits something but does no damage. x2
Something hits you.
Casting: Foxfire (safe; 4% risk of failure)
Confirm with . or Enter, or press ? or * to list all spells.
You don't know that spell.
Sorry, you're not good enough to have a special ability.
Casting: Foxfire (safe; 4% risk of failure)
Confirm with . or Enter, or press ? or * to list all spells.
You conjure some foxfire!
The foxfire hits something. x2; Something hits you!
Casting: Foxfire (safe; 4% risk of failure)
Confirm with . or Enter, or press ? or * to list all spells.
You don't have enough magic to cast this spell.
Casting: Foxfire (safe; 4% risk of failure)
Confirm with . or Enter, or press ? or * to list all spells.
You don't know that spell.
Sorry, you're not good enough to have a special ability.
Casting: Foxfire (safe; 4% risk of failure)
Confirm with . or Enter, or press ? or * to list all spells.
You don't have enough magic to cast this spell.
Magic courses through your body.
The foxfire hits something.
The foxfire hits something but does no damage.
Casting: Foxfire (safe; 4% risk of failure)
Confirm with . or Enter, or press ? or * to list all spells.
You conjure some foxfire!
Something hits you.
Sorry, you're not good enough to have a special ability.
Casting: Foxfire (safe; 4% risk of failure)
Confirm with . or Enter, or press ? or * to list all spells.
You don't know that spell.
Sorry, you're not good enough to have a special ability.
Casting: Foxfire (safe; 4% risk of failure)
Confirm with . or Enter, or press ? or * to list all spells.
You conjure some foxfire!
The foxfire hits something but does no damage.
Something hits you!
You die...

#......## ##<.
#.#....###...
#.##.......# .
#.##.......##..
#.............#
###.....#....$.
#....##....).
###..v#§......
#.....@vv.#.
##..#..##.#
#.§#{..#
#..§....#
......#...
............
.............
............


There were no monsters in sight!

Vanquished Creatures
  A hound (D:4)
  4 adders
  A worm (D:2)
  An orc (D:3)
  3 bats
  6 endoplasms
  2 giant cockroaches
  4 hobgoblins
  4 jackals (D:3)
  6 quokkas
  10 ball pythons
  5 frilled lizards
  6 goblins
  3 kobolds
  4 rats
60 creatures vanquished.

Vanquished Creatures (others)
  A human (D:3)
  187 foxfires
  6 fungi (D:2)
  4 plants (D:2)
198 creatures vanquished.

Grand Total: 258 creatures vanquished

Notes
Turn   | Place    | Note
-------+----------+-------------------------------------------
     0 | D:1      | funkygono the Gargoyle Fire Elementalist began the quest
                  | for the Orb.
     0 | D:1      | Reached XP level 1. HP: 10/10 MP: 3/3
   297 | D:1      | Reached XP level 2. HP: 15/15 MP: 1/5
   412 | D:1      | Learned a level 2 spell: Scorch
  1108 | D:1      | Reached XP level 3. HP: 19/19 MP: 4/6
  1492 | D:2      | You fall into a shaft and drop 1 floor!
  1650 | D:3      | Found a shadowy altar of Dithmenos.
  1690 | D:3      | Reached XP level 4. HP: 24/24 MP: 4/8
  1739 | D:3      | Reached skill level 4 in Fire Magic
  2148 | D:2      | Learned a level 4 spell: Flame Wave
  2405 | D:2      | Found a faded altar of an unknown god.
  2852 | D:3      | Found an ancient bone altar of Kikubaaqudgha.
  2853 | D:3      | Noticed a human
  2855 | D:3      | Killed a human
  2914 | D:4      | Found Vees's Assorted Antiques.
  2918 | D:4      | Reached XP level 5. HP: 28/28 MP: 5/9
  2971 | D:4      | Noticed Sigmund
  2984 | D:4      | Slain by Sigmund

Illustrated notes

Levels and vault maps discovered:
D:1:      lemuel_arrival_room, layout_basic
D:2:      layout_loops_ring, dreamdust_ecumenical_altar_hidden_monk_grotto,
          corexii_hall_statues_s
D:3:      layout_rooms, grunt_dithmenos_smoke, tgw_kikubaaqudgha,
          kennysheep_donut, grunt_ministairs_9
D:4:      wad_lake_hut, layout_cave_pools, serial_shops, shop, goddamned_bats,
          uniq_sigmund

Skill      XL: |  1  2  3  4 |
---------------+-------------+-----
Fire Magic     | 4 |  4.5
Conjurations   | 2 |  2.1
Spellcasting   | 3 |  3.0
Dodging        | |  1.7
Stealth        | |  2.1

Action                     |  1- 3 |  4- 6 || total
---------------------------+-------+-------++-------
  Melee: Club              |     1 |       ||     1
   Cast: Foxfire           |    57 |    59 ||   116
         Scorch            |       |     1 ||     1
    Use: Potion            |       |     1 ||     1
 Armour: Robe              |     3 |     3 ||     6
  Dodge: Dodged            |     4 |     6 ||    10

Table legend: (Time is in decaauts)
 A = Elapsed time spent in this place.
 B = Non-inter-level travel time spent in this place.
 C = Inter-level travel time spent in this place.
 D = Time resting spent in this place.
 E = Time spent auto-exploring this place.
 F = Levels seen in this place.
 G = Mean time per level.
                   A        B        C        D        E       F      G
               +--------+--------+--------+--------+--------+-----+--------+
         Total |   2982 |   2899 |     83 |    100 |   2401 |   4 |  745.5 |
       Dungeon |   2982 |   2899 |     83 |    100 |   2401 |   4 |  745.5 |
               +--------+--------+--------+--------+--------+-----+--------+

Top non-repeatable levels by time:
     D:1: 1255 daAuts
     D:2: 862 daAuts
     D:3: 794 daAuts
     D:4: 69 daAuts
